 Dungeon Crawl Stone Soup version 0.23.2-40-g277498a001 (webtiles) character file.

Game seed: 3332721408356534006

163 Martska the Chiller (level 5, -3/38 HPs)
             Began as a Merfolk Ice Elementalist on Oct 1, 2019.
             Slain by an orc
             ... wielding a +0 war axe
              (11 damage)
             ... on level 3 of the Dungeon.
             The game lasted 00:11:44 (3059 turns).

Martska the Chiller (Merfolk Ice Elementalist)      Turns: 3059, Time: 00:11:44

Health: -3/38      AC:  2    Str:  9    XL:     5   Next: 44%
Magic:  1/9        EV: 14    Int: 14    God:
Gold:   68         SH:  0    Dex: 15    Spells: 4/10 levels left

rFire    . . .     SeeInvis .   f - +0 short sword
rCold    . . .     Gourm    .   (no shield)
rNeg     . . .     Faith    .   a - +0 robe
rPois    +         Spirit   .   (no helmet)
rElec    .         Reflect  .   (no cloak)
rCorr    .         Harm     .   (no gloves)
MR       .....                  (no boots)
Stlth    ++........             (no amulet)
HPRegen  0.12/turn              i - ring of poison resistance
MPRegen  0.11/turn              l - ring of poison resistance

@: no status effects
A: change form in water, swift swim, stealthy swim
a: no special abilities


You were on level 3 of the Dungeon.
You were not hungry.

You visited 1 branch of the dungeon, and saw 3 of its levels.

You collected 68 gold pieces.

Inventory:

Hand Weapons
 e - a +0 dagger
 f - a +0 short sword (weapon)
Armour
 a - a +0 robe (worn)
Jewellery
 i - a ring of poison resistance (left hand)
 l - a ring of poison resistance (right hand)
Scrolls
 b - 2 scrolls of enchant weapon {unknown}
 g - a scroll of random uselessness {unknown}
 k - 2 scrolls of enchant armour {unknown}
 m - 2 scrolls of remove curse {unknown}
 n - a scroll of fear {unknown}
 p - a scroll of identify {unknown}
Potions
 d - a potion of mutation {unknown}
 h - a potion of haste {unknown}
 j - 3 potions of heal wounds {unknown}
Comestibles
 c - 6 rations


   Skills:
 * Level 2.1 Fighting
 - Level 0.1 Short Blades
 * Level 3.9 Dodging
 + Level 2.4 Stealth
 + Level 3.2 Spellcasting
 - Level 0.7 Conjurations
 - Level 4.3 Ice Magic


You had 4 spell levels left.
You knew the following spells:

 Your Spells              Type           Power        Failure   Level  Hunger
a - Freeze                Ice            ##..         3%          1    #......
b - Throw Frost           Conj/Ice       #.....       11%         2    ##.....
c - Ozocubu's Armour      Chrm/Ice       #.......     26%         3    ###....

Your spell library contained the following spells:

 Spells                   Type           Power        Failure   Level  Hunger
 Throw Icicle             Conj/Ice       #.......     58%         4    #####..
 Summon Ice Beast         Ice/Summ       #.......     63%         4    #####..


Dungeon Overview and Level Annotations

Branches:
Dungeon (3/15)

Altars:
Fedhas


Message History

* * * LOW HITPOINT WARNING * * *
Casting: Freeze (safe; 3% risk of failure)
Confirm with . or Enter, or press ? or * to list all spells.
Aiming: Freeze (safe; 3% risk of failure)
Press: ? - help, Shift-Dir - straight line, f/p - orc priest
Aim: an orc priest, wielding a +0 short sword (almost dead)
You freeze the orc priest.
You kill the orc priest!
You hear a splash.
Your Fighting skill increases to level 2!
The orc barely misses you.
Casting: Freeze (safe; 3% risk of failure)
Confirm with . or Enter, or press ? or * to list all spells.
Aiming: Freeze (safe; 3% risk of failure)
Press: ? - help, Shift-Dir - straight line, f - orc
Aim: an orc, wielding a +0 war axe You freeze the orc.
The orc is moderately wounded.
The orc hits you with a +0 war axe!
You die...

#.......†.†......
#.....#<..)......
......#..........
.......).........
#.#..≈..≈........
......≈.≈........
........≈)...#...
.........o##.#...
.........@# .# ..
........#.# .#
......#.#.#
......#.#.#
.......#.# #(..
#...# ..# #..#
....


You could see an orc.

Vanquished Creatures
  An orc priest (D:3)
  6 adders
  An ooze (D:2)
  3 worms (D:2)
  3 dart slugs (D:1)
  2 orcs (D:3)
  5 bats (D:1)
  3 giant cockroaches (D:2)
  8 goblins
  7 hobgoblins
  A jackal (D:2)
  A ball python (D:1)
  5 frilled lizards
  9 kobolds
  11 rats
66 creatures vanquished.

Notes
Turn   | Place    | Note
-------+----------+-------------------------------------------
     0 | D:1      | Martska the Merfolk Ice Elementalist began the quest for
                  | the Orb.
     0 | D:1      | Reached XP level 1. HP: 13/13 MP: 3/3
   142 | D:1      | Reached XP level 2. HP: 14/20 MP: 3/5
   543 | D:1      | Reached XP level 3. HP: 17/25 MP: 0/6
  1270 | D:2      | Reached skill level 4 in Ice Magic
  1388 | D:2      | Reached skill level 1 in Fighting
  1388 | D:2      | Reached XP level 4. HP: 31/32 MP: 3/8
  2029 | D:2      | Learned a level 2 spell: Throw Frost
  2033 | D:2      | Learned a level 3 spell: Ozocubu's Armour
  2347 | D:2      | Reached XP level 5. HP: 37/38 MP: 9/9
  2866 | D:2      | Found a blossoming altar of Fedhas.
  3059 | D:3      | Slain by an orc

Skill      XL: |  1  2  3  4  5 |
---------------+----------------+-----
Dodging        | 3 |  3.9
Ice Magic      | 4 |  4.3
Fighting       | 1 2 |  2.1
Spellcasting   | 3 |  3.2
Short Blades   | |  0.1
Stealth        | |  2.4
Conjurations   | |  0.7

Action                   |  1- 3 |  4- 6 || total
-------------------------+-------+-------++-------
Melee: Dagger            |     8 |       ||     8
       Unarmed           |     4 |       ||     4
       Short sword       |    15 |    33 ||    48
 Cast: Freeze            |    54 |    50 ||   104
       Throw Frost       |       |     2 ||     2
 Stab: Sleeping          |     1 |       ||     1
  Eat: Chunk             |     2 |     3 ||     5
       Ration            |       |     1 ||     1
Armor: Robe              |    26 |     5 ||    31
Dodge: Dodged            |    65 |    57 ||   122
